Map: Ruines d’Endion

Players

AranSIRE

  • Race: Zerg Zerg
  • League: Gold
  • Spawn Location: 5:00

zidar - Winner!

  • Race: Zerg Zerg
  • League: Gold
  • Spawn Location: 7:00

VOD

Have the link to the VOD?

Description

Time

  • Played on: June 26, 2016, 9:05 a.m.
  • Length: 5:54
Show
View Real Time Build Order
Export as new Build Order

AranSIRE Zerg 

Build Orders: Pool First 

Get SALT Encoding   

  12  0:02  Drone  
  13  0:08  Drone  
  14  0:17  Overlord  
  14  0:25  Extractor  
  14  0:27  Extractor, Drone  
  13  0:33  Drone  
  14  0:39  Drone  
  15  0:46  Drone  
  16  0:58  Spawning Pool  
  16  1:02  Drone  
  16  1:07  Drone  
  17  1:18  Drone  
  18  1:28  Drone  
  19  2:09  Zergling x2  
  19  2:10  Zergling x4  
  19  2:11  Metabolic Boost  
  22  2:22  Hatchery  
  21  2:26  Zergling x2  
  22  2:36  Queen, Baneling Nest, Hatchery  
  22  2:38  Overlord  
  22  2:57  Drone  
  22  2:58  Drone  
  23  3:10  Spine Crawler  
  23  3:11  Spine Crawler  
  19  3:13  Spine Crawler  
  19  3:20  Zergling x4  
  19  3:25  Spine Crawler  
  19  3:26  Spine Crawler  
  19  3:28  Zergling x2  
  8  3:48  Drone  
  8  3:49  Drone  
  8  3:50  Drone x3  
  5  4:04  Drone  
  5  4:20  Drone  
  5  4:23  Zergling x2  
  7  4:35  Drone  
  8  4:41  Baneling  
  8  4:43  Baneling  
  8  4:53  Drone  
  8  4:59  Drone  
  10  5:06  Drone  
  11  5:16  Drone  
  12  5:29  Drone  
Show
View Real Time Build Order
Export as new Build Order

zidar Zerg - Winner!

Build Orders: Pool First 

Get SALT Encoding   

  12  0:04  Drone  
  13  0:18  Drone  
  13  0:19  Extractor  
  13  0:22  Overlord  
  13  0:43  Spawning Pool  
  13  0:44  Drone  
  13  0:54  Overlord  
  13  1:22  Overlord  
  13  1:29  Metabolic Boost  
  13  1:33  Queen  
  13  1:37  Zergling x2  
  16  1:41  Zergling x2  
  17  1:54  Zergling x4  
  18  1:59  Zergling x2  
  20  2:12  Zergling x2  
  21  2:30  Zergling x2  
  21  2:34  Zergling x2  
  23  2:43  Zergling x6  
  26  3:12  Zergling x6  
  29  3:34  Hatchery  
  22  3:59  Zergling x6  
  17  4:26  Zergling x4  
  19  4:34  Zergling x2  
  20  4:40  Queen  
  20  4:45  Zergling x2  
  23  4:54  Zergling x6  
  26  5:09  Zergling x10  
  31  5:17  Zergling x2  
  32  5:23  Zergling x8  
Tags
 
Add a new tag
Caveats
  • Supply blocks, unpowered buildings, or Contaminate may cause inaccurate times.
  • Supply counts are checked every 10 seconds.